 Dungeon Sprint DCSS version 0.17-a0-1714-g35622ae (webtiles) character file.

66876 patman the Slayer (level 15, 0/121 HPs)
             Began as a Gargoyle Gladiator on Aug 23, 2015.
             Was the Champion of Cheibriados.
             Killed from afar by a fire giant (47 damage)
             ... with a bolt of fire
             ... in the Dungeon (Sprint VII: "The Pits").
             The game lasted 00:29:22 (5081 turns).

patman the Slayer (Gargoyle Gladiator)              Turns: 5081, Time: 00:29:23

Health: 0/121      AC: 47    Str: 35    XL:     15   Next: 21%
Magic:  3/24       EV: 30    Int: 31    God:    Cheibriados [******]
Gold:   8          SH:  0    Dex: 29    Spells: 0 memorised, 14 levels left

rFire  . . .     SeeInvis .     a - +4 dire flail (crush)
rCold  . . .     Clarity  .     V - +5 plate armour
rNeg   + . .     SustAt   .     (no shield)
rPois  ∞         Gourm    .     K - +2 helmet {Int+3}
rElec  +         Spirit   .     B - +0 cloak
rCorr  .         Warding  .     C - +1 pair of gloves
rMut   .         NoTele   +     A - +0 pair of boots
MR     +....                    (no amulet)
Stlth  ..........               w - +3 ring of evasion
                                z - +3 ring of intelligence

@: very slow, somewhat resistant to hostile enchantments, extremely unstealthy
A: big wings, negative energy resistance 1, electricity resistance, unbreathing,
petrification resistance, rot immunity, AC +11
a: Fly, Bend Time, Temporal Distortion, Slouch, Step From Time, Renounce
Religion


You were in the Dungeon.
You worshipped Cheibriados.
Cheibriados was exalted by your worship.
You were hungry.

You visited 1 branch You collected 8 gold pieces.

Inventory:

Hand weapons
 a - a +4 dire flail of crushing (weapon)
 v - a +2 dire flail of freezing
 J - a +0 whip of pain
 O - a +3 great mace
 P - the +4 flail "Spiderslayer" {crush, rF+}
   (You found it in the Dungeon)

   It inflicts extra damage upon your enemies.
   It protects you from fire.
 Q - a +3 vampiric demon whip
 R - a +5 dire flail
Missiles
 d - 3 throwing nets (quivered)
Armour
 A - a +0 pair of boots (worn)
 B - a +0 cloak (worn)
 C - a +1 pair of gloves (worn)
 K - a +2 helmet of intelligence (worn)
 S - a +2 gold dragon armour
 T - a +4 ice dragon armour
 V - a +5 plate armour (worn)
Jewellery
 w - a +3 ring of evasion (right hand)
 z - a +3 ring of intelligence (left hand)
 G - an uncursed ring of ice
 I - a +5 ring of dexterity
Magical devices
 t - a wand of digging (14)
 D - a wand of polymorph (6)
Scrolls
 k - 4 scrolls of blinking
 o - 3 scrolls of remove curse
 p - 5 scrolls of amnesia
 q - a scroll of summoning
 E - 2 scrolls of identify
 F - a scroll of immolation
 L - 2 scrolls of fog
Potions
 b - a potion of resistance
 f - 9 potions of curing
 g - 8 potions of heal wounds
 h - 4 potions of haste
 i - 2 potions of magic
 j - 4 potions of berserk rage
 n - 2 potions of invisibility
 u - a potion of brilliance {unknown}
 x - a potion of might
Books
 c - a book of the Sky

   Spells                             Type                      Level
   a - Summon Lightning Spire         Summoning/Air                4
   b - Airstrike                      Air                          4
   c - Silence                        Hexes/Air                    5
   d - Deflect Missiles               Charms/Air                   6
   e - Conjure Ball Lightning         Conjuration/Air              6
   f - Tornado                        Air                          9
 r - a Grand Grimoire

   Spells                             Type                      Level
   a - Monstrous Menagerie            Summoning                    6
   b - Summon Greater Demon           Summoning                    7
   c - Malign Gateway                 Summoning/Translocation      7
   d - Summon Horrible Things         Summoning                    8
 H - a book of Envenomations

   Spells                             Type                      Level
   a - Spider Form                    Transmutation/Poison         3
   b - Alistair's Intoxication        Transmutation/Poison         4
   c - Olgreb's Toxic Radiance        Poison                       4
   d - Poisonous Cloud                Conjuration/Poison/Air       6
Comestibles
 e - 12 bread rations
 l - 40 fruits
 m - 5 meat rations
 M - 12 royal jellies


   Skills:
 - Level 24.3 Fighting
 - Level 14.4 Maces & Flails
 - Level 2.0 Throwing
 - Level 22.3 Armour
 - Level 17.2 Dodging
 * Level 12.0 Invocations


You had 14 spell levels left.
You didn't know any spells.

Dungeon Overview and Level Annotations

Branches:
Dungeon (1/1)

Altars:
Ashenzari
Cheibriados
Dithmenos
Elyvilon
Fedhas
Gozag
Kikubaaqudgha
Makhleb
Nemelex Xobeh
Okawaru
Qazlal
Ru
Sif Muna
Trog
Vehumet
Xom
Yredelemnul
Zin
The Shining One
Beogh
Jiyva
Lugonu

Annotations:
D Louise, Nikola


Innate Abilities, Weirdness & Mutations

You are resistant to torment.
Your stone body is resilient (AC +11).
You are immune to poison.
Your large and strong wings let you fly indefinitely.
You resist negative energy.
You are resistant to electric shocks.
You can survive without breathing.
You are immune to petrification.
You are immune to rotting.


Message History

The freezing wraith misses you.
The freezing wraith completely misses you.
The wraith completely misses you. x2
Unknown command.
You are feeling hungry.
You hit the death knight.
The death knight is severely wounded.
The white draconian barely misses you.
Unknown command.
You impale the death knight!!
You kill the death knight!
Cheibriados appreciates the change of pace.
Your Invocations skill increases to level 12!
The wraith disappears in a puff of smoke!
The phantasmal warrior disappears in a puff of smoke!
The wraith disappears in a puff of smoke!
The freezing wraith disappears in a puff of smoke!
The fire giant points at you and mumbles some strange words.
The bolt of fire hits you!
You die...

... #......#..#
....#......#..# .##
#..###.)###..# ...†
#......))....#
...†#####....).().(#
.....#.........)((#
#.c#..###).###(.#####
#.FdC§#......#)(##...
#.{)@§#......#..##...
....)G#§§.......#.[''..#
...). #...(.....#..''...
#### ###############...
#######################..#
#....................''...
#....................''...
#..###'############..##..#
#..##)#.#.#)#.#.#.#..##...


You could see a white draconian, a fire giant, a great orb of eyes, a centaur
warrior and a spiny frog.

Vanquished Creatures
  A titan (D)
  A death cob (D)
  A draconian monk (D)
  A greater naga (D)
  2 orc warlords (D)
  Donald (D)
  A frost giant (D)
  An emperor scorpion (D)
  A green draconian (D)
  Nessos (D)
  2 stone giants (D)
  Azrael (D)
  A white draconian (D)
  A merfolk javelineer (D)
  2 eidola (D)
  4 vault guards (D)
  A deep elf death mage (D)
  A blizzard demon (D)
  A deep elf high priest (D)
  A great orb of eyes (D)
  A fire dragon (D)
  3 yaktaur captains (D)
  A spriggan air mage (D)
  A naga warrior (D)
  An anaconda (D)
  2 alligator snapping turtles (D)
  2 alligators (D)
  2 merfolk aquamancers (D)
  3 death knights (D)
  A soul eater (D)
  2 deep elf knights (D)
  Nergalle (D)
  An unseen horror (D)
  A deep troll (D)
  2 sea snakes (D)
  2 deep elf summoners (D)
  3 ice devils (D)
  A cherub (D)
  A hill giant (D)
  An orc sorcerer (D)
  A hornet (D)
  11 orc knights (D)
  A necromancer (D)
  A manticore (D)
  7 elephants (D)
  A rust devil (D)
  A black mamba (D)
  A smoke demon (D)
  An orange demon (D)
  A guardian serpent (D)
  5 yaktaurs (D)
  A gargoyle (D)
  A wandering mushroom (D)
  A komodo dragon (shapeshifter) (D)
  2 deep elf priests (D)
  2 blue devils (D)
  A jumping spider (D)
  5 merfolk (D)
  A troll (D)
  A polar bear (D)
  2 giant leeches (D)
  4 blink frogs (D)
  5 redbacks (D)
  A spriggan (D)
  2 vampires (D)
  A ynoxinul (D)
  2 deep elf fighters (D)
  2 shadows (D)
  A tarantella (D)
  A deep elf mage (D)
  A wyvern (D)
  6 water elementals (D)
  3 fire elementals (D)
  A steam dragon (D)
  5 wolves (D)
  A chaos spawn (D)
  5 hell hounds (D)
  A hungry ghost (D)
  A small abomination (D)
  A black bear (D)
  Duvessa (D)
  A wasp (D)
  Purgy (D)
  A sky beast (D)
  An eye of draining (D)
  A crocodile (D)
  2 brain worms (D)
  A big kobold (D)
  Blork the orc (D)
  An earth elemental (D)
  A gnoll sergeant (D)
  2 scorpions (D)
  Dowan (D)
  4 killer bees (D)
  A jelly (D)
  3 wights (D)
  2 crimson imps (D)
  A hound (D)
  An orc wizard (D)
  An iguana (D)
  5 sheep (D)
  2 adders (D)
  3 river rats (D)
  A giant eyeball (D)
  An ufetubus (D)
  An adder skeleton (D)
  3 bat skeletons (D)
  A bat zombie (D)
  2 hobgoblins (D)
  3 jackals (D)
  A quokka (D)
  A bat simulacrum (D)
  A giant gecko simulacrum (D)
  A giant newt (D)
  A goblin (D)
  A quokka zombie (D)
206 creatures vanquished.

Vanquished Creatures (others)
  A yellow draconian (D)
  A troll (D)
  A small abomination (D)
  An orc (D)
4 creatures vanquished.

Grand Total: 210 creatures vanquished

Notes
Turn   | Place    | Note
--------------------------------------------------------------
     0 | D        | patman the Gargoyle Gladiator began the quest for the Orb.
     0 | D        | Reached XP level 1. HP: 12/12 MP: 1/1
    43 | D        | Found a sacrificial altar of Ru.
    43 | D        | Found a basalt altar of Yredelemnul.
    43 | D        | Found a shadowy altar of Dithmenos.
    43 | D        | Found a deep blue altar of Sif Muna.
    43 | D        | Found a burning altar of Makhleb.
    43 | D        | Found a shimmering altar of Xom.
    43 | D        | Found an ancient bone altar of Kikubaaqudgha.
    43 | D        | Found a sparkling altar of Nemelex Xobeh.
    44 | D        | Found a glowing golden altar of the Shining One.
    44 | D        | Found a bloodstained altar of Trog.
    44 | D        | Found a shattered altar of Ashenzari.
    44 | D        | Found a white marble altar of Elyvilon.
    44 | D        | Found a snail-covered altar of Cheibriados.
    44 | D        | Found a blossoming altar of Fedhas.
    44 | D        | Found a radiant altar of Vehumet.
    44 | D        | Found a glowing silver altar of Zin.
    44 | D        | Found a corrupted altar of Lugonu.
    44 | D        | Found a viscous altar of Jiyva.
    44 | D        | Found a roughly hewn altar of Beogh.
    44 | D        | Found an iron altar of Okawaru.
    50 | D        | Found a stormy altar of Qazlal.
    50 | D        | Found an opulent altar of Gozag.
    64 | D        | Became a worshipper of Cheibriados the Contemplative
    80 | D        | Reached skill level 5 in Maces & Flails
    80 | D        | Reached XP level 2. HP: 12/17 MP: 2/2
   358 | D        | Acquired Cheibriados's first power
   358 | D        | Reached XP level 3. HP: 17/21 MP: 3/3
   475 | D        | Noticed a scorpion
   484 | D        | Reached skill level 5 in Dodging
   498 | D        | Killed a scorpion
   498 | D        | Acquired Cheibriados's second power
   498 | D        | Reached skill level 7 in Dodging
   498 | D        | Reached XP level 4. HP: 6/26 MP: 4/4
   808 | D        | Noticed an iguana
   826 | D        | Killed an iguana
   826 | D        | Reached XP level 5. HP: 11/30 MP: 4/6
   828 | D        | Acquired Cheibriados's third power
   881 | D        | Noticed a jelly
   883 | D        | Killed a jelly
  1071 | D        | Noticed a big kobold
  1076 | D        | Reached skill level 8 in Dodging
  1089 | D        | Killed a big kobold
  1089 | D        | Acquired Cheibriados's fourth power
  1089 | D        | Reached XP level 6. HP: 31/35 MP: 8/10
  1097 | D        | Noticed a scorpion
  1102 | D        | Killed a scorpion
  1104 | D        | Noticed a black bear
  1117 | D        | Killed a black bear
  1117 | D        | Reached skill level 9 in Dodging
  1194 | D        | Noticed Duvessa
  1194 | D        | Noticed Dowan
  1194 | D        | Noticed a wolf
  1194 | D        | Noticed a gnoll sergeant
  1201 | D        | Was placed under penance by Cheibriados
  1205 | D        | Killed Dowan
  1205 | D        | Was forgiven by Cheibriados
  1205 | D        | Reached XP level 7. HP: 40/40 MP: 13/13
  1212 | D        | Killed a gnoll sergeant
  1212 | D        | Reached skill level 10 in Dodging
  1224 | D        | Killed a wolf
  1224 | D        | Reached skill level 5 in Armour
  1232 | D        | Killed Duvessa
  1398 | D        | Noticed a manticore
  1398 | D        | Noticed a blue devil
  1407 | D        | Killed a blue devil
  1407 | D        | Reached skill level 11 in Dodging
  1407 | D        | Reached XP level 8. HP: 22/44 MP: 8/14
  1414 | D        | Killed a manticore
  1648 | D        | Noticed a brain worm
  1648 | D        | Noticed an elephant
  1648 | D        | Noticed a deep troll
  1655 | D        | Killed a brain worm
  1667 | D        | Killed a deep troll
  1667 | D        | Reached XP level 9. HP: 24/56 MP: 0/15
  1668 | D        | Killed an elephant
  1870 | D        | Noticed a ynoxinul
  1870 | D        | Noticed a giant leech
  1870 | D        | Noticed a sky beast
  1880 | D        | Killed a ynoxinul
  1880 | D        | Killed a sky beast
  1884 | D        | Killed a giant leech
  1987 | D        | Noticed a hornet
  1987 | D        | Noticed a brain worm
  2090 | D        | Noticed a killer bee
  2090 | D        | Noticed a blue devil
  2090 | D        | Killed a killer bee
  2091 | D        | Noticed a killer bee
  2091 | D        | Killed a hornet
  2094 | D        | Noticed a killer bee
  2099 | D        | Killed a blue devil
  2099 | D        | Reached skill level 10 in Maces & Flails
  2099 | D        | Reached XP level 10. HP: 62/64 MP: 11/16
  2100 | D        | Killed a killer bee
  2102 | D        | Killed a killer bee
  2103 | D        | Killed a brain worm
  2128 | D        | Noticed a killer bee
  2129 | D        | Killed a killer bee
  2134 | D        | Noticed a polar bear
  2134 | D        | Noticed a wyvern
  2137 | D        | Killed a wyvern
  2144 | D        | Killed a polar bear
  2149 | D        | Noticed a small abomination
  2158 | D        | Killed a small abomination
  2158 | D        | Reached skill level 12 in Maces & Flails
  2160 | D        | Noticed a necromancer
  2160 | D        | Noticed a hungry ghost
  2160 | D        | Noticed a shadow
  2171 | D        | Killed a necromancer
  2176 | D        | Killed a hungry ghost
  2179 | D        | Killed a shadow
  2179 | D        | Reached skill level 13 in Maces & Flails
  2326 | D        | Noticed an orc sorcerer
  2333 | D        | Killed an orc sorcerer
  2365 | D        | Killed an unseen horror
  2365 | D        | Reached skill level 14 in Maces & Flails
  2371 | D        | Noticed a shadow
  2372 | D        | Noticed an eidolon
  2379 | D        | Killed an eidolon
  2380 | D        | Killed a shadow
  2533 | D        | Noticed a wolf
  2533 | D        | Noticed a wolf
  2533 | D        | Noticed a redback
  2533 | D        | Noticed a crimson imp
  2533 | D        | Noticed Purgy
  2534 | D        | Noticed a wolf
  2534 | D        | Noticed a wolf
  2539 | D        | Killed a wolf
  2539 | D        | Reached XP level 11. HP: 70/72 MP: 17/17
  2540 | D        | Killed a wolf
  2545 | D        | Killed a redback
  2545 | D        | Reached skill level 10 in Fighting
  2547 | D        | Killed Purgy
  2550 | D        | Killed a crimson imp
  2552 | D        | Noticed Blork the orc
  2555 | D        | Noticed a hound
  2555 | D        | Killed a wolf
  2558 | D        | Killed a hound
  2559 | D        | Noticed a crimson imp
  2561 | D        | Noticed a steam dragon
  2562 | D        | Killed Blork the orc
  2564 | D        | Killed a wolf
  2565 | D        | Noticed a black mamba
  2567 | D        | Killed a crimson imp
  2569 | D        | Noticed an alligator
  2570 | D        | Noticed a yaktaur
  2573 | D        | Killed a black mamba
  2581 | D        | Killed a yaktaur
  2588 | D        | Killed an alligator
  2592 | D        | Killed a steam dragon
  2821 | D        | Noticed a redback
  2827 | D        | Killed a redback
  2829 | D        | Noticed a giant leech
  2838 | D        | Killed a giant leech
  2849 | D        | Noticed a redback
  2849 | D        | Noticed Nessos
  2849 | D        | Noticed a gargoyle
  2850 | D        | Killed a gargoyle
  2850 | D        | Killed a redback
  2854 | D        | Killed Nessos
  2854 | D        | Reached skill level 15 in Armour
  2889 | D        | Noticed a deep elf fighter
  2891 | D        | Noticed an ice devil
  2898 | D        | Killed an ice devil
  2902 | D        | Killed a deep elf fighter
  2931 | D        | Noticed a wight
  2935 | D        | Killed a wight
  2944 | D        | Noticed a wight
  2944 | D        | Noticed a wight
  2944 | D        | Noticed an eidolon
  2944 | D        | Noticed a merfolk
  2959 | D        | Killed an eidolon
  2959 | D        | Reached skill level 16 in Armour
  2960 | D        | Killed a wight
  2964 | D        | Killed a wight
  2968 | D        | Killed a merfolk
  3232 | D        | Noticed an orange demon
  3232 | D        | Noticed a guardian serpent
  3232 | D        | Noticed a soul eater
  3232 | D        | Noticed a stone giant
  3232 | D        | Noticed a cherub
  3232 | D        | Noticed a small abomination
  3232 | D        | Noticed an earth elemental
  3232 | D        | Noticed Donald
  3233 | D        | Killed a small abomination
  3233 | D        | Killed a guardian serpent
  3237 | D        | Killed a stone giant
  3237 | D        | Reached XP level 12. HP: 72/86 MP: 18/18
  3237 | D        | Killed a soul eater
  3237 | D        | Reached skill level 15 in Fighting
  3237 | D        | Reached skill level 17 in Armour
  3237 | D        | Killed a cherub
  3237 | D        | Killed an orange demon
  3240 | D        | Killed Donald
  3246 | D        | Killed an earth elemental
  3297 | D        | Noticed a redback
  3297 | D        | Noticed a redback
  3297 | D        | Noticed a death knight
  3300 | D        | Killed a redback
  3310 | D        | Killed a death knight
  3310 | D        | Reached skill level 18 in Armour
  3317 | D        | Killed a redback
  3379 | D        | Noticed an orc knight
  3379 | D        | Noticed an orc knight
  3379 | D        | Noticed an orc knight
  3379 | D        | Noticed an orc knight
  3380 | D        | Noticed an orc warlord
  3380 | D        | Noticed an orc warlord
  3381 | D        | Noticed an orc knight
  3387 | D        | Killed an orc knight
  3392 | D        | Killed an orc knight
  3396 | D        | Killed an orc knight
  3405 | D        | Killed an orc knight
  3406 | D        | Noticed an orc knight
  3413 | D        | Killed an orc knight
  3417 | D        | Noticed an orc knight
  3418 | D        | Noticed an ice devil
  3419 | D        | Noticed a vault guard
  3426 | D        | Killed an orc knight
  3441 | D        | Killed an orc warlord
  3441 | D        | Reached skill level 19 in Armour
  3446 | D        | Killed an orc knight
  3455 | D        | Killed a vault guard
  3462 | D        | Killed an ice devil
  3462 | D        | Reached XP level 13. HP: 85/97 MP: 19/19
  3478 | D        | Killed an orc warlord
  3487 | D        | Noticed an orc knight
  3487 | D        | Noticed a yaktaur captain
  3488 | D        | Noticed a yaktaur
  3496 | D        | Killed an orc knight
  3500 | D        | Killed a yaktaur captain
  3504 | D        | Killed a yaktaur
  3519 | D        | Noticed an orc knight
  3525 | D        | Killed an orc knight
  3625 | D        | Noticed a yaktaur
  3626 | D        | Noticed a yaktaur captain
  3626 | D        | Noticed a yaktaur
  3632 | D        | Killed a yaktaur
  3633 | D        | Noticed a wandering mushroom
  3633 | D        | Noticed a stone giant
  3633 | D        | Noticed a vault guard
  3634 | D        | Noticed an orc knight
  3635 | D        | Noticed a yaktaur captain
  3638 | D        | Killed a yaktaur captain
  3639 | D        | Killed a yaktaur
  3640 | D        | Killed a wandering mushroom
  3641 | D        | Killed a stone giant
  3644 | D        | Killed an orc knight
  3646 | D        | Killed a vault guard
  3647 | D        | Killed a yaktaur captain
  3699 | D        | Got the +4 flail "Spiderslayer" {crush, rF+}
  3749 | D        | Noticed a naga warrior
  3759 | D        | Killed a naga warrior
  3759 | D        | Reached skill level 20 in Fighting
  3763 | D        | Noticed a green draconian monk
  3764 | D        | Noticed a vault guard
  3765 | D        | Noticed an orc knight
  3775 | D        | Killed a vault guard
  3784 | D        | Killed a green draconian monk
  3792 | D        | Killed an orc knight
  4211 | D        | Noticed a jumping spider
  4211 | D        | Noticed a titan
  4211 | D        | Noticed a troll
  4211 | D        | Noticed a smoke demon
  4212 | D        | Noticed a sea snake
  4212 | D        | Killed a jumping spider
  4213 | D        | Noticed a tarantella
  4213 | D        | Killed a tarantella
  4213 | D        | Killed a troll
  4213 | D        | Killed a smoke demon
  4214 | D        | Noticed a death cob
  4214 | D        | Killed a sea snake
  4214 | D        | Killed a death cob
  4214 | D        | Reached skill level 15 in Dodging
  4215 | D        | Noticed a rust devil
  4215 | D        | Noticed a deep elf fighter
  4215 | D        | Noticed a great orb of eyes
  4216 | D        | Noticed a deep elf priest
  4216 | D        | Noticed a deep elf knight
  4223 | D        | Noticed a deep elf priest
  4227 | D        | Killed a titan
  4227 | D        | Reached skill level 21 in Fighting
  4227 | D        | Gained mutation: Your large and strong wings let you fly indefinitely. [Gargoyle growth]
  4227 | D        | Reached XP level 14. HP: 65/110 MP: 6/20
  4227 | D        | Killed a deep elf fighter
  4229 | D        | Killed a rust devil
  4230 | D        | Noticed a hill giant
  4231 | D        | Noticed a merfolk aquamancer
  4231 | D        | Noticed an anaconda
  4231 | D        | Killed a deep elf priest
  4232 | D        | Noticed a yaktaur
  4233 | D        | Noticed an ice devil
  4236 | D        | Killed a deep elf priest
  4246 | D        | Noticed a crocodile
  4247 | D        | Killed a yaktaur
  4250 | D        | Killed a deep elf knight
  4258 | D        | Paralysed by a great orb of eyes for 4 turns
  4264 | D        | Killed a great orb of eyes
  4276 | D        | Killed a hill giant
  4277 | D        | Noticed a water elemental
  4280 | D        | Killed an ice devil
  4285 | D        | Noticed a deep elf knight
  4285 | D        | Noticed a chaos spawn
  4286 | D        | Noticed a blink frog
  4287 | D        | Killed a blink frog
  4292 | D        | Killed an anaconda
  4293 | D        | Killed a crocodile
  4301 | D        | Noticed a blink frog
  4307 | D        | Killed a merfolk aquamancer
  4310 | D        | Killed a deep elf knight
  4311 | D        | Noticed a water elemental
  4312 | D        | Noticed a blink frog
  4315 | D        | Killed a blink frog
  4316 | D        | Noticed a deep elf summoner
  4320 | D        | Killed a deep elf summoner
  4321 | D        | Noticed a deep elf mage
  4323 | D        | Killed a blink frog
  4326 | D        | Killed a water elemental
  4328 | D        | Noticed a deep elf summoner
  4330 | D        | Killed a deep elf summoner
  4332 | D        | Killed a deep elf mage
  4333 | D        | Noticed a blink frog
  4335 | D        | Killed a water elemental
  4337 | D        | Paralysed by a chaos spawn for 7 turns
  4346 | D        | Killed a chaos spawn
  4346 | D        | Reached skill level 22 in Fighting
  4355 | D        | Killed a blink frog
  4638 | D        | Noticed an emperor scorpion
  4638 | D        | Noticed a fire dragon
  4652 | D        | Killed a fire dragon
  4655 | D        | Noticed a vampire
  4666 | D        | Killed an emperor scorpion
  4667 | D        | Noticed Nergalle
  4667 | D        | Noticed a komodo dragon
  4674 | D        | Killed a komodo dragon
  4684 | D        | Killed Nergalle
  4691 | D        | Killed a vampire
  4699 | D        | Noticed a merfolk
  4700 | D        | Noticed a merfolk
  4700 | D        | Noticed a sea snake
  4700 | D        | Noticed a spriggan air mage
  4701 | D        | Noticed a vault guard
  4702 | D        | Noticed a merfolk javelineer
  4702 | D        | Noticed a merfolk
  4702 | D        | Noticed an alligator snapping turtle
  4705 | D        | Killed a spriggan air mage
  4706 | D        | Noticed a water elemental
  4708 | D        | Killed a sea snake
  4712 | D        | Killed a vault guard
  4712 | D        | Killed a merfolk
  4712 | D        | Killed a merfolk
  4712 | D        | Killed a water elemental
  4716 | D        | Noticed a spriggan rider
  4730 | D        | Killed a spriggan
  4734 | D        | Killed a wasp
  4737 | D        | Killed an alligator snapping turtle
  4741 | D        | Noticed a hell hound
  4741 | D        | Killed a hell hound
  4747 | D        | Noticed a hell hound
  4747 | D        | Killed a merfolk javelineer
  4747 | D        | Reached skill level 23 in Fighting
  4748 | D        | Noticed a blizzard demon
  4748 | D        | Noticed a troll
  4749 | D        | Noticed a deep elf high priest
  4749 | D        | Noticed a hell hound
  4749 | D        | Killed a merfolk
  4751 | D        | Noticed a hell hound
  4751 | D        | Killed a hell hound
  4751 | D        | Killed a hell hound
  4751 | D        | Killed a hell hound
  4752 | D        | Noticed a frost giant
  4753 | D        | Killed a troll
  4754 | D        | Noticed a death knight
  4754 | D        | Noticed Azrael
  4754 | D        | Killed a deep elf high priest
  4755 | D        | Killed a blizzard demon
  4758 | D        | Killed a frost giant
  4758 | D        | Killed a death knight
  4759 | D        | Noticed a fire elemental
  4759 | D        | Noticed a fire elemental
  4759 | D        | Noticed a hell hound
  4761 | D        | Killed Azrael
  4763 | D        | Noticed an eye of draining
  4764 | D        | Killed a fire elemental
  4767 | D        | Killed a hell hound
  4773 | D        | Killed a fire elemental
  4777 | D        | Killed an eye of draining
  4999 | D        | Noticed a vampire
  5008 | D        | Killed a vampire
  5019 | D        | Noticed a fire elemental
  5020 | D        | Noticed an elephant
  5021 | D        | Noticed an alligator snapping turtle
  5022 | D        | Noticed a water elemental
  5023 | D        | Killed a fire elemental
  5024 | D        | Noticed an elephant
  5024 | D        | Noticed a water elemental
  5024 | D        | Noticed an elephant
  5024 | D        | Noticed a greater naga
  5025 | D        | Noticed an elephant
  5025 | D        | Noticed a deep elf death mage
  5026 | D        | Noticed a white draconian
  5026 | D        | Noticed an elephant
  5026 | D        | Noticed a merfolk aquamancer
  5027 | D        | Noticed an elephant
  5027 | D        | Noticed an alligator
  5027 | D        | Killed an elephant
  5028 | D        | Noticed a water elemental
  5029 | D        | Noticed a death knight
  5029 | D        | Noticed a merfolk
  5029 | D        | Noticed Louise
  5029 | D        | Killed a water elemental
  5029 | D        | Killed an alligator
  5029 | D        | Killed a water elemental
  5029 | D        | Killed a water elemental
  5030 | D        | Killed a deep elf death mage
  5030 | D        | Killed an elephant
  5030 | D        | Reached skill level 24 in Fighting
  5030 | D        | Killed a greater naga
  5030 | D        | Reached XP level 15. HP: 98/120 MP: 5/21
  5030 | D        | Killed a merfolk aquamancer
  5030 | D        | Killed an elephant
  5030 | D        | Killed an elephant
  5030 | D        | Killed an elephant
  5031 | D        | Noticed Nikola
  5031 | D        | Noticed a centaur warrior
  5032 | D        | Noticed a great orb of eyes
  5032 | D        | Noticed a green draconian
  5034 | D        | Noticed a yellow draconian
  5035 | D        | Killed a ghostly deep elf death mage
  5039 | D        | Noticed a fire giant
  5040 | D        | Noticed an orc wizard
  5044 | D        | Noticed a white draconian
  5051 | D        | Killed an elephant
  5052 | D        | Killed an alligator snapping turtle
  5052 | D        | Reached skill level 10 in Invocations
  5053 | D        | Noticed a spiny frog
  5056 | D        | Killed a merfolk
  5063 | D        | Killed a white draconian
  5067 | D        | Killed an orc wizard
  5074 | D        | Killed a yellow draconian
  5076 | D        | Killed a green draconian
  5081 | D        | Killed a death knight
  5081 | D        | Killed from afar by a fire giant

Vault maps used:
D:        pitsprint

Action                   |  1- 3 |  4- 6 |  7- 9 | 10-12 | 13-15 || total
-------------------------+-------+-------+-------+-------+-------++-------
Melee: Flail             |    51 |    64 |    34 |       |       ||   149
       Dire flail        |       |       |    26 |   258 |   335 ||   619
Invok: Slouch            |       |       |     8 |     5 |    23 ||    36
  Use: Potion            |       |     1 |     3 |     1 |    10 ||    15
       Scroll            |       |       |       |     4 |       ||     4
 Stab: Sleeping          |       |     2 |       |       |       ||     2
  Eat: Chunk             |       |       |     1 |       |       ||     1
       Meat ration       |       |       |     1 |     1 |     1 ||     3
